 Dungeon Crawl Stone Soup version 0.22-a0-395-gfed312b (webtiles) character file.

18 4thArraOfDagon the Magician (level 2, -6/19 HPs)
             Began as a Mummy Fire Elementalist on May 3, 2018.
             Mangled by a wraith (11 damage)
             ... in an ossuary.
             The game lasted 00:02:31 (473 turns).

4thArraOfDagon the Magician (MuFE)                   Turns: 473, Time: 00:02:32

Health: -6/19      AC:  2    Str: 11    XL:     2   Next: 48%
Magic:  6/6        EV: 12    Int: 14    God:
Gold:   37         SH:  0    Dex: 12    Spells: 6/7 levels left

rFire    x . .     SeeInvis .   c - +0 mace
rCold    + . .     Gourm    .   (no shield)
rNeg     + + +     Faith    .   a - +0 robe
rPois    ∞         Spirit   .   (no helmet)
rElec    .         Reflect  .   (no cloak)
rCorr    .         Harm     .   (no gloves)
MR       .....                  (no boots)
Stlth    ++........             (no amulet)
HPRegen  0.06/turn              (no ring)
MPRegen  0.10/turn              (no ring)

@: slowed, very slow
A: no food or potions, fire vulnerability, cold resistance 1, negative energy
resistance 3, torment resistance, unbreathing
a: no special abilities


You were in an ossuary.
You were not hungry.

You visited 1 branch of the dungeon, and saw 4 of its levels.
You also visited: Ossuary.

You collected 37 gold pieces.

Inventory:

Hand Weapons
 c - a +0 mace (weapon)
Armour
 a - a +0 robe (worn)
Wands
 f - a wand of disintegration (15)
 g - a wand of flame (17)
Scrolls
 b - 2 scrolls of identify
 d - a scroll of immolation
 e - a scroll of fear


   Skills:
 - Level 1.5 Dodging
 - Level 1.5 Stealth
 + Level 3.0 Spellcasting
 * Level 1.4 Conjurations
 * Level 2.7 Fire Magic


You had 6 spell levels left.
You knew the following spells:

 Your Spells              Type           Power        Failure   Level  Hunger
a - Flame Tongue          Conj/Fire      #....        9%          1    N/A

Dungeon Overview and Level Annotations

Branches:
Dungeon (4/15)
 Temple: D:4-7

Altars:


Innate Abilities, Weirdness & Mutations

You do not eat or drink.
Your flesh is vulnerable to fire.
You are immune to poison.
Your flesh is cold resistant. (rC+)
You are immune to negative energy. (rN+++)
You are immune to unholy pain and torment.
You can survive without breathing.


Message History

It is a scroll of identify.
e - a scroll of fear The wraith hits you!
Ouch! That really hurt!
* * * LOW HITPOINT WARNING * * *
The wraith drains your vigour!
You feel yourself slow down.
Unknown command.
Unknown command.
Evoke which item? (* to show all) (? for menu, Esc to quit)
Okay, then.
Enter note: :(
There is an open door here.
Unknown command.
Evoke which item? (* to show all) (? for menu, Esc to quit)
Aiming: Disintegrate
Press: ? - help, Shift-Dir - straight line, f - wraith
Aim: a wraith (inner flame, chance to defeat MR: 30%)
The wraith is blasted.
The wraith closely misses you. The wraith hits you!
Ouch! That really hurt!
You die...

###.### #.# #'#
#.# ###.###
#W▓.▓z# ###.###
#.#
#######@######
#.....W.......#
#.'##.###.##+.#
#.#.#.#z#.# #
#.###.###.###.#
#.............#
#.............#
#.###.!...###.
#.#z#..!!.#


You could see a wraith (inner flame).

Vanquished Creatures
  2 dart slugs (D:1)
  4 bats
  A giant cockroach (D:2)
  3 hobgoblins
  2 goblins (D:2)
  A rat (D:1)
13 creatures vanquished.

Notes
Turn   | Place    | Note
-------+----------+-------------------------------------------
     0 | D:1      | 4thArraOfDagon the Mummy Fire Elementalist began the quest for the Orb.
     0 | D:1      | Reached XP level 1. HP: 13/13 MP: 4/4
    31 | D:1      | Reached skill level 1 in Conjurations
   103 | D:1      | Reached XP level 2. HP: 11/19 MP: 0/5
   254 | D:2      | Reached skill level 3 in Spellcasting
   268 | D:2      | :O
   339 | D:2      | You fall through a shaft for 2 floors!
   360 | D:4      | Found a sand-covered staircase.
   369 | Ossuary  | Entered an ossuary
   431 | Ossuary  | Noticed a wraith
   431 | Ossuary  | Noticed a flying skull
   437 | Ossuary  | Noticed a flying skull
   445 | Ossuary  | Noticed a flying skull
   460 | Ossuary  | Noticed a wraith
   461 | Ossuary  | :O
   472 | Ossuary  | :(
   473 | Ossuary  | Mangled by a wraith

Vault maps used:
D:1:      minmay_arrival_diagonal_passages
D:2:      minmay_split_cup_small, uniq_crazy_yiuf_cottage
D:3:      first_ration
D:4:      gammafunk_wand_slinger, overflow_temple_1_default,
          gup_sewer_entry_glass, nicolae_ossuary_entry_plus,
          minmay_stone_trees_medium
Ossuary:  ossuary_due_cavern

Skill      XL: |  1  2 |
---------------+-------+-----
Conjurations   | 1 |  1.4
Spellcasting   | 3 |  3.0
Dodging        | |  1.5
Stealth        | |  1.5
Fire Magic     | |  2.7

Action                   || total
-------------------------++-------
Melee: Mace              ||     1
 Cast: Flame Tongue      ||    26
Evoke: Wand              ||     1
  Use: Scroll            ||     2
Armor: Robe              ||     9
Dodge: Dodged            ||    18

Table legend:
 A = Spawn XP
 B = Non-spawn XP
 C = Spawn XP percentage of total XP
 D = Spawn monster count
 E = Non-spawn monster count
 F = Spawn count percentage of total count
 G = Total turns spent on level
                    A         B        C        D         E        F      G
               +---------+---------+-------+---------+---------+-------+---------
         Total |       0 |      26 |   0.0 |       0 |      13 |   0.0 |   473
               +---------+---------+-------+---------+---------+-------+---------
           D:1 |       0 |      18 |   0.0 |       0 |       8 |   0.0 |   187
           D:2 |       0 |       8 |   0.0 |       0 |       5 |   0.0 |   150
               +---------+---------+-------+---------+---------+-------+---------
